 Dungeon Crawl Stone Soup version 0.26-a0-639-g72c4674329 (webtiles) character file.

Game seed: 11784818046668191770

17472 Borgoz the Fighter (level 12, 0/80 HPs)
             Began as a Gargoyle Berserker on Sept 18, 2020.
             Was a Priest of Trog.
             Slain by an orc warrior
             ... wielding a +0 trident
              (5 damage)
             ... on level 12 of the Dungeon.
             The game lasted 00:13:55 (11692 turns).

Borgoz the Fighter (Gargoyle Berserker)            Turns: 11692, Time: 00:13:55

Health: 0/80       AC: 28    Str: 21    XL:     12   Next: 48%
Magic:  0/12       EV: 13    Int:  9    God:    Trog [***...]
Gold:   305        SH:  0    Dex: 13    Spells: 11/11 levels left

rFire    + . .     SeeInvis .   A - +3 morningstar (freeze)
rCold    . . .     Faith    .   (no shield)
rNeg     + + .     Spirit   +   j - +2 chain mail {rF+}
rPois    ∞         Reflect  .   p - +1 hat
rElec    +         Harm     .   u - +0 cloak
rCorr    .         Rampage  .   q - +0 pair of gloves
MR       ++...                  c - +0 pair of boots
Stlth    ..........             k - amulet of guardian spirit
HPRegen  1.23/turn              o - ring of positive energy
MPRegen  0.13/turn              (no ring)

@: berserk cooldown, regenerating, slowed, very slow
A: negative energy resistance 1, electricity resistance, unbreathing,
petrification resistance, rot immunity, AC +8
a: Berserk, Trog's Hand, Renounce Religion


You were on level 12 of the Dungeon.
You worshipped Trog.
Trog was most pleased with you.
You visited 1 branch of the dungeon, and saw 12 of its levels.

You collected 855 gold pieces.
You spent 550 gold pieces at shops.

Inventory:

Hand Weapons
 A - a +3 morningstar of freezing (weapon)
Armour
 c - a +0 pair of boots (worn)
 j - a +2 chain mail of fire resistance (worn)
 p - a +1 hat (worn)
 q - a +0 pair of gloves (worn)
 u - a +0 cloak (worn)
Jewellery
 k - an amulet of guardian spirit (around neck)
 o - a ring of positive energy (left hand)
 C - an uncursed ring of flight
 H - an uncursed amulet of faith
Wands
 y - a wand of paralysis (4)
 F - a wand of acid (10)
 G - a wand of iceblast (14)
Scrolls
 a - 3 scrolls of amnesia {unknown}
 b - 2 scrolls of teleportation
 e - 5 scrolls of remove curse
 f - 2 scrolls of immolation {unknown}
 m - 2 scrolls of fear {unknown}
 r - 3 scrolls of enchant weapon {unknown}
 s - 3 scrolls of magic mapping {unknown}
 w - a scroll of random uselessness {unknown}
 z - a scroll of blinking {unknown}
 D - a scroll of fog {unknown}
 E - 2 scrolls of enchant armour {unknown}
 J - a scroll of acquirement {unknown}
Potions
 d - 5 potions of haste
 g - 10 potions of curing
 h - a potion of resistance
 i - a potion of cancellation
 l - 5 potions of stabbing
 n - 3 potions of might
 t - a potion of magic
 v - a potion of invisibility
 x - 4 potions of heal wounds
 B - 2 potions of mutation
 I - a potion of ambrosia {unknown}


   Skills:
 + Level 11.4 Fighting
 + Level 10.6 Maces & Flails
 + Level 11.2 Armour
 + Level 9.6 Dodging


You had 11 spell levels left.
You didn't know any spells.
Your spell library was empty.

Dungeon Overview and Level Annotations

Branches:
Dungeon (12/15)            Temple (0/1) D:7            Lair (0/6) D:10
    Orc: D:9-12

Altars:
Ashenzari
Cheibriados
Dithmenos
Fedhas
Qazlal
Beogh

Shops:
D:5 *   D:6 *


Innate Abilities, Weirdness & Mutations

You are resistant to torment.
Your stone body is resilient. (AC +8)
You are immune to poison.
You resist negative energy. (rN+)
You are resistant to electric shocks. (rElec)
You can survive without breathing.
You are immune to petrification.
You are immune to rotting.


Message History

You hit the orc warrior. You freeze the orc warrior.
The orc warrior is lightly wounded.
The orc warrior hits you but does no damage. x2
You bludgeon the orc warrior!! You freeze the orc warrior!
You kill the orc warrior!
Trog accepts your kill.
The orc priest mumbles some strange prayers to Beogh against you.
Beogh smites you!
* * * LOW HITPOINT WARNING * * *
The orc warrior hits you but does no damage.
The orc hits you but does no damage.
The orc priest mumbles some strange prayers to Beogh against you.
Beogh smites you!
* * * LOW HITPOINT WARNING * * *
You sock the orc! You freeze the orc.
You kill the orc!
Trog accepts your kill.
The orc warrior hits you but does no damage.
The orc warrior hits you from afar with a +0 trident.
You die...

.......##..## #...
#..##.##.###########
#..#....#.......# #
#.#..# #.......# #
#....# #.......###
#...###.........†
###....#.......###
#....#.#.......# #
#@#..#.........#
#o#####..<.....#
#ooooo#........#
#ooo.o#.....!...
#oooo.#........#
#.o_..#.#..#####
#.....#.##.#
#.....#.. .# #######


You could see an orc warrior, 2 orc priests and 8 orcs.

Vanquished Creatures
  2 two-headed ogres (D:10)
  Nergalle (D:11)
  3 skeletal warriors (D:11)
  An oklob plant (D:10)
  An ugly thing (D:12)
  A cyclops (D:11)
  A manticore (D:11)
  A komodo dragon (D:10)
  2 hippogriffs
  12 yaks
  A water moccasin (D:11)
  Duvessa (D:7)
  A hornet zombie (D:11)
  3 black bears
  2 sky beasts
  13 orc warriors
  2 ice beasts
  3 necrophages (D:10)
  3 phantoms
  6 ogres
  4 centaurs
  A big kobold (D:9)
  A crocodile (D:9)
  3 bullfrogs
  A wyvern zombie (D:11)
  Dowan (D:7)
  A water moccasin skeleton (D:7)
  3 scorpions
  6 killer bees
  11 wights
  5 electric eels (D:8)
  A howler monkey (D:5)
  2 centaur zombies
  A quasit (D:6)
  7 hounds
  3 jellies
  3 bullfrog zombies
  2 centaur skeletons
  13 orc priests
  10 orc wizards
  A bullfrog skeleton (D:4)
  6 iguanas
  Terence (D:3)
  7 worker ants
  A hound zombie (D:5)
  A hound skeleton (D:10)
  A mummy (D:10)
  2 worker ant zombies
  7 gnolls (D:4)
  A howler monkey skeleton (D:5)
  9 adders
  A shadow imp (D:9)
  2 ufetubi
  3 adder skeletons
  2 dart slugs
  4 leopard geckos
  64 orcs
  3 bats
  6 giant cockroaches
  3 goblins
  5 hobgoblins
  10 jackals
  10 kobolds
  2 quokkas (D:10)
  10 frilled lizards
  8 rats
309 creatures vanquished.

Vanquished Creatures (others)
  A cyclops (D:11)
  An orc (D:5)
  19 plants
21 creatures vanquished.

Grand Total: 330 creatures vanquished

Notes
Turn   | Place    | Note
-------+----------+-------------------------------------------
     0 | D:1      | Borgoz the Gargoyle Berserker began the quest for the Orb.
     0 | D:1      | Reached XP level 1. HP: 14/14 MP: 1/1
   416 | D:1      | Reached XP level 2. HP: 15/19 MP: 2/2
   859 | D:2      | Reached XP level 3. HP: 14/23 MP: 3/3
  1216 | D:2      | Reached ** piety under Trog
  1398 | D:2      | Found a snail-covered altar of Cheibriados.
  1745 | D:3      | Reached XP level 4. HP: 29/29 MP: 4/4
  2035 | D:3      | Noticed Terence
  2052 | D:3      | Killed Terence
  2515 | D:4      | Found a shadowy altar of Dithmenos.
  2532 | D:4      | Reached XP level 5. HP: 33/33 MP: 5/5
  2611 | D:4      | Reached XP level 6. HP: 36/39 MP: 3/6
  2753 | D:4      | You fall into a shaft and drop 2 floors!
  2753 | D:6      | Found Zufegah's Assorted Antiques.
  2754 | D:6      | Noticed a phantom
  2758 | D:6      | Killed a phantom
  2766 | D:6      | Noticed a black bear
  2773 | D:5      | Entered Level 5 of the Dungeon
  2778 | D:5      | Reached skill level 5 in Fighting
  2778 | D:5      | Reached XP level 7. HP: 31/44 MP: 4/7
  2786 | D:5      | Reached *** piety under Trog
  3468 | D:4      | Reached skill level 5 in Maces & Flails
  3853 | D:5      | Reached skill level 5 in Armour
  3854 | D:5      | Found a blossoming altar of Fedhas.
  4103 | D:5      | Found Zaukhlemy's General Store.
  4295 | D:5      | Found a stormy altar of Qazlal.
  4433 | D:5      | Reached XP level 8. HP: 50/51 MP: 8/8
  4503 | D:6      | Found a shattered altar of Ashenzari.
  5622 | D:7      | Reached XP level 9. HP: 57/57 MP: 9/9
  5668 | D:7      | Reached **** piety under Trog
  5668 | D:7      | Reached skill level 5 in Dodging
  5707 | D:7      | Found a staircase to the Ecumenical Temple.
  6536 | D:7      | Noticed Duvessa
  6545 | D:7      | Killed Duvessa
  6550 | D:7      | Noticed Dowan
  6556 | D:7      | Killed Dowan
  6988 | D:5      | Bought a potion of experience for 550 gold pieces
  6988 | D:5      | Reached XP level 10. HP: 66/66 MP: 10/10
  8261 | D:9      | Reached ***** piety under Trog
  8411 | D:9      | Received a gift from Trog
  8461 | D:9      | Reached XP level 11. HP: 72/72 MP: 11/11
  9079 | D:10     | Entered Level 10 of the Dungeon
  9139 | D:10     | Found a staircase to the Lair.
  9139 | D:10     | Noticed an oklob plant
  9288 | D:10     | Killed an oklob plant
  9392 | D:10     | Reached skill level 10 in Fighting
  9833 | D:10     | Noticed a two-headed ogre
  9841 | D:10     | Killed a two-headed ogre
  9850 | D:10     | Noticed a two-headed ogre
  9873 | D:10     | Killed a two-headed ogre
  9873 | D:10     | Reached skill level 10 in Armour
 10685 | D:11     | Noticed a skeletal warrior
 10687 | D:11     | Noticed a skeletal warrior
 10687 | D:11     | Noticed a skeletal warrior
 10718 | D:11     | Killed a skeletal warrior
 10718 | D:11     | Reached skill level 10 in Maces & Flails
 10728 | D:11     | Killed a skeletal warrior
 10735 | D:11     | Killed a skeletal warrior
 10735 | D:11     | Reached XP level 12. HP: 43/79 MP: 6/12
 11030 | D:11     | Noticed Nergalle
 11039 | D:11     | Killed Nergalle
 11652 | D:12     | Found a roughly hewn altar of Beogh.
 11691 | D:12     | HP: 3/80 [orc priest/divine providence (8)]
 11692 | D:12     | Slain by an orc warrior

Illustrated notes

Levels and vault maps discovered:
D:1:      scummos_arrival_hexagon, layout_loops_ring
D:2:      layout_loops_ring, cheibriados_altar_1
D:3:      layout_basic, uniq_terence
D:4:      layout_cave_pools, serial_column_ruins, column_ruins_open_large,
          column_ruins_grid_3, column_ruins_open_small, column_ruins_grid_3,
          column_ruins_open_tiny, nicolae_dithmenos_through_a_glass_darkly
D:5:      layout_basic, grunt_qazlal_clouds, serial_shops, shop_fountains,
          minmay_misc_feat_hallway, fedhas_bush_and_centaur_altar
D:6:      layout_cave_pods, serial_column_ruins, column_ruins_hut,
          column_ruins_hut_water, column_ruins_open_small,
          column_ruins_open_tiny, column_ruins_open_small,
          column_ruins_open_small, serial_shops,
          nicolae_shop_temple_entry_statues_fountains, basic_altar
D:7:      layout_loops_corners, uniq_duvessa
D:8:      layout_basic, serial_bayou_lake_a
D:9:      layout_long_grid, minmay_orc_keep
D:10:     layout_gridville, dpeg_oklobed_lair, serial_undead, serial_undead_b,
          serial_undead_a, serial_undead_c, serial_undead_d
D:11:     layout_long_grid, minmay_misc_feat_secret_circle, uniq_nergalle
D:12:     minmay_blocky_corners, layout_rooms, orc_0_dummy, special_room
          [special_room_orc]

Skill      XL: |  1  2  3  4  5  6  7  8  9 10 11 12 |
---------------+-------------------------------------+-----
Dodging        | 2 3 4 8 9 |  9.6
Armour         | 3 4 5 6 9 10 11 | 11.2
Fighting       | 4 5 7 9 10 11 | 11.4
Maces & Flails | 4 5 6 8 9 10 | 10.6

Action                   |  1- 3 |  4- 6 |  7- 9 | 10-12 || total
-------------------------+-------+-------+-------+-------++-------
Melee: Mace              |   123 |   103 |   187 |       ||   413
       Flail             |       |       |   199 |       ||   199
       Morningstar       |       |       |    27 |   634 ||   661
Invok: Berserk           |       |     3 |     6 |     5 ||    14
       Trog's Hand       |       |     1 |       |     4 ||     5
  Use: Scroll            |       |       |    10 |     6 ||    16
       Potion            |       |       |     1 |       ||     1
Armor: Scale mail        |     7 |       |       |       ||     7
       Animal skin       |     1 |       |       |       ||     1
       Chain mail        |    66 |   138 |   432 |   475 ||  1111
Dodge: Dodged            |    66 |    70 |   325 |   470 ||   931

Table legend: (Time is in decaauts)
 A = Elapsed time spent in this place.
 B = Non-inter-level travel time spent in this place.
 C = Inter-level travel time spent in this place.
 D = Time resting spent in this place.
 E = Time spent auto-exploring this place.
 F = Levels seen in this place.
 G = Mean time per level.
                   A        B        C        D        E       F      G
               +--------+--------+--------+--------+--------+-----+--------+
         Total |  11977 |  11473 |    504 |   1100 |   7918 |  12 |  998.1 |
       Dungeon |  11977 |  11473 |    504 |   1100 |   7918 |  12 |  998.1 |
               +--------+--------+--------+--------+--------+-----+--------+

Top non-repeatable levels by time:
     D:7: 1428 daAuts
    D:10: 1374 daAuts
     D:4: 1170 daAuts
     D:6: 1141 daAuts
    D:11: 1137 daAuts
     D:8: 1129 daAuts
     D:9: 980 daAuts
     D:3: 967 daAuts
     D:5: 949 daAuts
     D:2: 881 daAuts
     D:1: 690 daAuts
    D:12: 125 daAuts
